Workbook
Name BuiltIn_Print_Area: #REF!

Sheet Ind AS 116 Impact
C7: Ind AS 116 Implementation
D8: Before | E8: After | F8: Impact | G8: % Before | H8: % After
C9: EBITDA 18-19 | D9: ='Press Release March 20 New'!F14 -> 3122 | E9: 3498 | F9: =E9-D9 -> 376 | G9: ='Press Release March 20 New'!E14/D9-1 -> 0.30571838 | H9: ='Press Release March 20 New'!E14/E9-1 -> 0.16536672
C10: EBITDA Q4 | D10: ='Press Release March 20 New'!D14 -> 822 | E10: =D10+99 -> 921 | F10: =E10-D10 -> 99 | G10: ='Press Release March 20 New'!C14/D10-1 -> 0.26297115 | H10: ='Press Release March 20 New'!C14/E10-1 -> 0.12721204

Sheet Press Release March 20 New
B1: Sify Technologies Limited
B3: Unaudited Consolidated Income Statement as per IFRS
B4: (In INR millions)
C5: Quarter ended | D5: Quarter ended | E5: Year ended | F5: Year ended
B6: Description | C6: March | D6: March | E6: March | F6: March
C7: 2020 | D7: 2019 | E7: 2020 | F7: 2019
F8: (Audited)
B10: Revenue | C10: 5736.0832 | D10: 5623 | E10: 22952.067 | F10: 21547
B11: Cost of Revenues | C11: -3464.646 | D11: -3546 | E11: -14364.827 | F11: -13602
B12: Selling, General and Administrative Expenses | C12: =-1219029/1000-14.246 -> -1233.275 | D12: -1255 | E12: =(-4513762+2975)/1000 -> -4510.787 | F12: -4823
B14: EBITDA | C14: =SUM(C10:C12) -> 1038.1623 | D14: =SUM(D10:D12) -> 822 | E14: =SUM(E10:E12) -> 4076.4528 | F14: =SUM(F10:F12) -> 3122
B16: Depreciation and Amortisation expense | C16: -653.93054 | D16: -394 | E16: -2290.5665 | F16: -1533
B17: Net Finance Expenses | C17: -280.61636 | D17: -199 | E17: -860.25568 | F17: -682
B18: Other Income (including exchange gain) | C18: =(52375+14246)/1000 -> 66.621 | D18: 77 | E18: 97.154951 | F18: 217
B19: Other Expenses (including exchange loss) | C19: =J19/1000 -> 0 | D19: 0 | E19: -2.9750084 | F19: -52
B21: Profit before tax | C21: =SUM(C14:C20) -> 170.2364 | D21: =SUM(D14:D20) -> 306 | E21: =SUM(E14:E20) -> 1019.8105 | F21: =SUM(F14:F20) -> 1072
B22: Income tax expense | C22: -35.841032 | D22: -3 | E22: -314.25589 | F22: -2.612
B23: Profit for the period | C23: =C21+C22 -> 134.39536 | D23: =D21+D22 -> 303 | E23: =E21+E22 -> 705.55462 | F23: =F21+F22 -> 1069.388
B25: Profit attributable to:
B26: Reconciliation with Non-GAAP measure
B27: Profit for the period | C27: =C23 -> 134.39536 | D27: =D23 -> 303 | E27: =E23 -> 705.55462 | F27: =F23 -> 1069.388
B28: Add:
B29: Depreciation and Amortisation expense | C29: =-C16 -> 653.93054 | D29: =-D16 -> 394 | E29: =-E16 -> 2290.5665 | F29: =-F16 -> 1533
B30: Net Finance Expenses | C30: =-C17 -> 280.61636 | D30: =-D17 -> 199 | E30: =-E17 -> 860.25568 | F30: =-F17 -> 682
B31: Other Expenses (including exchange loss) | C31: =-C19 -> 0 | D31: =-D19 -> 0 | E31: =-E19 -> 2.9750084 | F31: =-F19 -> 52
B32: Income tax expense | C32: =-C22 -> 35.841032 | D32: =-D22 -> 3 | E32: =-E22 -> 314.25589 | F32: =-F22 -> 2.612
B33: Less:
B34: Other Income (including exchange gain) | C34: =-C18 -> -66.621 | D34: =-D18 -> -77 | E34: =-E18 -> -97.154951 | F34: =-F18 -> -217
B35: EBITDA | C35: =SUM(C27:C34) -> 1038.1623 | D35: =SUM(D27:D34) -> 822 | E35: =SUM(E27:E34) -> 4076.4528 | F35: =SUM(F27:F34) -> 3122
C40: Rs Million
B41: Cash Balance | C41: =ROUND((332604.913+2318356.41433635)/1000,0) -> 2651
B42: Capex Spent for the quarter | C42: 4405

Sheet Press Release March 21
B1: Sify Technologies Limited
B3: Unaudited Consolidated Income Statement as per IFRS
B4: (In INR millions)
C5: Quarter ended | D5: Quarter ended | E5: Year ended | F5: Year ended
B6: Description | C6: March | D6: March | E6: March | F6: March
C7: 2021 | D7: 2020 | E7: 2021 | F7: 2020
F8: (Audited)
B10: Revenue | C10: 6860.0651 | D10: 5736.0832 | E10: 24320 | F10: 22952 | G10: =(C10-D10)/D10 -> 0.19594936 | H10: =(E10-F10)/F10 -> 0.059602649
B11: Cost of Revenues | C11: -4013 | D11: -3465 | E11: =-14699-1 -> -14700 | F11: -14365
B12: Selling, General and Administrative Expenses | C12: =-1395+1 -> -1394 | D12: =-1219029/1000-14.246 -> -1233.275 | E12: =-4550+15 -> -4535 | F12: =-4514+3 -> -4511
B14: EBITDA | C14: =SUM(C10:C12) -> 1453.0651 | D14: =SUM(D10:D12) -> 1037.8082 | E14: =SUM(E10:E12) -> 5085 | F14: =SUM(F10:F12) -> 4076 | G14: =(C14-D14)/D14 -> 0.40012867 | H14: =(E14-F14)/F14 -> 0.24754661
B16: Depreciation and Amortisation expense | C16: -801 | D16: -653.93054 | E16: -2836 | F16: -2291
B17: Net Finance Expenses | C17: -196 | D17: -280.61636 | E17: -791 | F17: -860
B18: Other Income (including exchange gain) | C18: 63 | D18: 66.621 | E18: 156 | F18: 97
B19: Other Expenses (including exchange loss) | C19: 0 | D19: =K19/1000 -> 0 | E19: -15 | F19: -2.5
B21: Profit before tax | C21: =SUM(C14:C20) -> 519.06507 | D21: =SUM(D14:D20) -> 169.88235 | E21: =SUM(E14:E20) -> 1599 | F21: =SUM(F14:F20) -> 1019.5 | G21: =(C21-D21)/D21 -> 2.0554385 | H21: =(E21-F21)/F21 -> 0.56841589
B22: Current Tax | C22: -192.1 | D22: -69 | E22: -614 | F22: -345
B23: Deferred Tax | C23: 577 | D23: 33 | E23: 600 | F23: 31
B24: Profit for the period | C24: =SUM(C21:C23) -> 903.96507 | D24: =SUM(D21:D23) -> 133.88235 | E24: =SUM(E21:E23) -> 1585 | F24: =SUM(F21:F23) -> 705.5
B26: Profit attributable to:
B27: Reconciliation with Non-GAAP measure
B28: Profit for the period | C28: =C24 -> 903.96507 | D28: =D24 -> 133.88235 | E28: =E24 -> 1585 | F28: =F24 -> 705.5
B29: Add:
B30: Depreciation and Amortisation expense | C30: =-C16 -> 801 | D30: =-D16 -> 653.93054 | E30: =-E16 -> 2836 | F30: =-F16 -> 2291
B31: Net Finance Expenses | C31: =-C17 -> 196 | D31: =-D17 -> 280.61636 | E31: =-E17 -> 791 | F31: =-F17 -> 860
B32: Other Expenses (including exchange loss) | C32: =-C19 -> 0 | D32: =-D19 -> 0 | E32: =-E19 -> 15 | F32: =-F19 -> 2.5
B33: Current Tax | C33: =-C22 -> 192.1 | D33: =-D22 -> 69 | E33: =-E22 -> 614 | F33: =-F22 -> 345
B34: Less:
B35: Deferred Tax | C35: =-C23 -> -577 | D35: =-D23 -> -33 | E35: =-E23 -> -600 | F35: =-F23 -> -31
B36: Other Income (including exchange gain) | C36: =-C18 -> -63 | D36: =-D18 -> -66.621 | E36: =-E18 -> -156 | F36: =-F18 -> -97
B37: EBITDA | C37: =SUM(C28:C36) -> 1453.0651 | D37: =SUM(D28:D36) -> 1037.8082 | E37: =SUM(E28:E36) -> 5085 | F37: =SUM(F28:F36) -> 4076
C42: Rs Million (CY)
B43: Cash Balance | C43: 5438.0368
B44: Capex Spent for the Year | C44: 3483
